 Dungeon Crawl Stone Soup version 0.22-a0-596-gfbd32a6 (webtiles) character file.

41 sking99 the Insei (level 3, 0/18 HPs)
             Began as a Vine Stalker Transmuter on July 5, 2018.
             Was an Initiate of Cheibriados.
             Slain by a bat (1 damage)
             ... on level 2 of the Dungeon.
             The game lasted 00:02:41 (1312 turns).

sking99 the Insei (Vine Stalker Transmuter)         Turns: 1312, Time: 00:02:42

Health: 0/18       AC:  2    Str: 11 (13) XL:     3   Next: 52%
Magic:  0/7        EV: 12    Int: 14 (15) God:    Cheibriados [......]
Gold:   56         SH:  0    Dex: 12 (15) Spells: 3/6 levels left

rFire    . . .     SeeInvis .     - Unarmed
rCold    . . .     Gourm    .   (no shield)
rNeg     . . .     Faith    .   b - +0 robe
rPois    .         Spirit   +   (no helmet)
rElec    .         Reflect  .   (no cloak)
rCorr    .         Harm     .   (no gloves)
MR       .....                  (no boots)
Stlth    +.........             (no amulet)
HPRegen  0.06/turn              (no ring)
MPRegen  0.10/turn              (no ring)

@: very slow
A: fangs 2, magic shield, antimagic bite, no potion heal 3, rot immunity
a: Bend Time, Renounce Religion


You were on level 2 of the Dungeon.
You worshipped Cheibriados.
Cheibriados was noncommittal.
You were not hungry.

You visited 1 branch of the dungeon, and saw 2 of its levels.

You collected 56 gold pieces.

Inventory:

Missiles
 a - 12 arrows
Armour
 b - a +0 robe (worn)
Scrolls
 c - a scroll of immolation {unknown}
 e - 2 scrolls of magic mapping {unknown}
 g - a scroll of remove curse {unknown}
 h - a scroll of enchant weapon {unknown}
 k - a scroll of identify {unknown}
Potions
 j - a potion of curing
Comestibles
 d - 2 rations
 f - 8 chunks of flesh


   Skills:
 + Level 1.7 Fighting
 - Level 1.5 Dodging
 * Level 4.0 Unarmed Combat
 - Level 2.1 Spellcasting
 - Level 2.0 Transmutations


You had 3 spell levels left.
You knew the following spells:

 Your Spells              Type           Power        Failure   Level  Hunger
a - Beastly Appendage     Tmut           #.....       11%         1    #......
b - Sticks to Snakes      Tmut           #.......     16%         2    ###....

Your spell library contained the following spells:

 Spells                   Type           Power        Failure   Level  Hunger
 Spider Form              Tmut/Pois      #.........   43%         3    ###....
 Blade Hands              Tmut           #.........   96%         5    ######.
 Ice Form                 Ice/Tmut       #.......     83%         4    #####..


Dungeon Overview and Level Annotations

Branches:
Dungeon (2/15)

Altars:
Cheibriados
Makhleb


Innate Abilities, Weirdness & Mutations

You have extremely sharp teeth.
When hurt, damage is shared between your health and your magic reserves.
Your bite disrupts and absorbs the magic of your enemies.
Potions cannot restore your health.
You are immune to rotting.


Message History

* * * LOW HITPOINT WARNING * * *
You are more poisoned.
The adder poisons you!
It was a potion of curing.
Your system rejects the healing.
You feel better. The bat hits you.
* * * LOW HITPOINT WARNING * * *
The adder closely misses you.
You closely miss the adder.
The adder is severely wounded.
The bat hits you but does no damage. The adder closely misses you.
You miss the adder.
The adder is severely wounded.
The adder barely misses you. The bat closely misses you. The adder bites you.
* * * LOW HITPOINT WARNING * * *
You have no ailments to cure.
It was a potion of degeneration.
There was something very wrong with that liquid.
You feel weakened.
You feel dopey.
You feel clumsy. The bat barely misses you. The bat hits you.
You die...

########.##
..........#
########..# #..#
#########..#
#..........###########
#.#...####...........#
#.#..b# #..########.#
#.#..@# #.........#.#
#.#..S# #.#.#####.#.#
#.+..... .............
#.#...################
#.#...# ##8## #.#....
8...8# #..... .....#
#.... ....._ .....#


You could see an adder and a bat.

Vanquished Creatures
  2 dart slugs (D:1)
  2 ball pythons
  6 bats
  2 giant cockroaches (D:1)
  5 hobgoblins
  5 kobolds
  4 frilled lizards (D:1)
  5 goblins (D:1)
  6 rats (D:1)
37 creatures vanquished.

Notes
Turn   | Place    | Note
-------+----------+-------------------------------------------
     0 | D:1      | sking99 the Vine Stalker Transmuter began the quest for the Orb.
     0 | D:1      | Reached XP level 1. HP: 9/9 MP: 4/4
    13 | D:1      | Reached skill level 1 in Fighting
    60 | D:1      | Reached XP level 2. HP: 13/14 MP: 6/6
   596 | D:1      | Found a snail-covered altar of Cheibriados.
   601 | D:1      | Reached XP level 3. HP: 13/18 MP: 7/7
   706 | D:1      | Became a worshipper of Cheibriados the Contemplative
   867 | D:1      | Reached skill level 4 in Unarmed Combat
  1041 | D:1      | Learned a level 2 spell: Sticks to Snakes
  1237 | D:2      | Found a burning altar of Makhleb.
  1312 | D:2      | Slain by a bat

Vault maps used:
D:1:      dpeg_chamrin_arrival_tetris, cheibriados_altar_1
D:2:      nicolae_overflow_hidden_temple, minitemple, first_ration

Skill      XL: |  1  2  3 |
---------------+----------+-----
Fighting       | 1 |  1.7
Unarmed Combat | 4 |  4.0
Dodging        | |  1.5
Spellcasting   | |  2.1
Transmutations | |  2.0

Action                   || total
-------------------------++-------
Melee: Unarmed           ||   113
       Bite              ||    26
       Punch             ||     1
  Use: Potion            ||     2
 Stab: Sleeping          ||     1
  Eat: Chunk             ||     2
Armor: Robe              ||    29
Dodge: Dodged            ||    73

Table legend:
 A = Spawn XP
 B = Non-spawn XP
 C = Spawn XP percentage of total XP
 D = Spawn monster count
 E = Non-spawn monster count
 F = Spawn count percentage of total count
 G = Total turns spent on level
                    A         B        C        D         E        F      G
               +---------+---------+-------+---------+---------+-------+---------
         Total |       0 |      59 |   0.0 |       0 |      37 |   0.0 |  1312
               +---------+---------+-------+---------+---------+-------+---------
           D:1 |       0 |      51 |   0.0 |       0 |      31 |   0.0 |  1174
           D:2 |       0 |       8 |   0.0 |       0 |       6 |   0.0 |   138
               +---------+---------+-------+---------+---------+-------+---------
